 Dungeon Crawl Stone Soup version 0.18-a0-1220-g2dc6208 (webtiles) character file.

84 Psiweapon the Sneak (level 4, 0/30 HPs)
             Began as a Vampire Enchanter on Feb 3, 2016.
             Slain by an orc
             ... wielding a +0 short sword
              (2 damage)
             ... on level 3 of the Dungeon.
             The game lasted 00:09:17 (2343 turns).

Psiweapon the Sneak (Vampire Enchanter)             Turns: 2343, Time: 00:09:17

Health: 0/30       AC:  4    Str:  7    XL:     4   Next: 24%
Magic:  13/16      EV: 12    Int: 17    God:
Gold:   148        SH:  0    Dex: 15    Spells: 3 memorised, 1 level left

rFire  . . .     SeeInvis +     a - +1 dagger
rCold  . . .     Gourm    .     b - +1 robe
rNeg   . . .     Faith    .     (no shield)
rPois  .         Spirit   .     (no helmet)
rElec  .         Dismiss  .     (no cloak)
rCorr  .         Reflect  .     g - +0 pair of gloves
SustAt .         Harm     .     (no boots)
MR     .....                    (no amulet)
Stlth  ++++......               (no ring)
                                j - ring of magical power

@: very slightly contaminated, regenerating quickly, not resistant to hostile
enchantments, stealthy
A: fangs 3, see invisible, unbreathing
a: no special abilities


You were on level 3 of the Dungeon.
You were full.

You visited 1 branch of the dungeon, and saw 3 of its levels.

You collected 148 gold pieces.

Inventory:

Hand Weapons
 a - a +1 dagger (weapon)
 q - a +0 rapier
Missiles
 f - 28 sling bullets
Armour
 b - a +1 robe (worn)
 g - a +0 pair of gloves (worn)
Jewellery
 j - a ring of magical power (left hand)
Scrolls
 e - 2 scrolls of recharging {unknown}
 h - a scroll of random uselessness {unknown}
 l - 4 scrolls of identify {unknown}
 o - 2 scrolls of enchant armour {unknown}
 r - 2 scrolls of magic mapping {unknown}
 s - a scroll of noise {unknown}
 t - a scroll of remove curse {unknown}
Potions
 d - 8 potions of blood
 i - a potion of invisibility {unknown}
 k - a potion of magic {unknown}
 m - a potion of cancellation {unknown}
 n - 2 potions of curing {unknown}
 p - a potion of heal wounds {unknown}
 u - a potion of mutation {unknown}
 v - a potion of lignification {unknown}
 w - a potion of brilliance {unknown}
Books
 c - a book of Maledictions

   Spells                             Type                      Level
   a - Corona                         Hexes                        1
   b - Ensorcelled Hibernation        Hexes/Ice                    2
   c - Confuse                        Hexes                        3
   d - Tukima's Dance                 Hexes                        3
   e - Dazzling Spray                 Conjuration/Hexes            3


   Skills:
 + Level 2.9 Short Blades
 - Level 2.1 Dodging
 - Level 6.3 Stealth
 - Level 2.0 Spellcasting
 + Level 4.8 Hexes


You had one spell level left.
You knew the following spells:

 Your Spells              Type           Power        Failure   Level  Hunger
a - Corona                Hex            ###....      2%          1    #......
b - Ensorcelled Hibernat  Hex/Ice        #.....       14%         2    ###....
c - Dazzling Spray        Conj/Hex       #.......     24%         3    ###....


Dungeon Overview and Level Annotations

Branches:
Dungeon (3/15)

Altars:


Innate Abilities, Weirdness & Mutations

Your natural rate of healing is unusually fast.
You have razor-sharp teeth.
You have supernaturally acute eyesight.
You can survive without breathing.


Message History

Press: ? - help, Shift-Dir - straight line, f - orc
Aim: an orc, wielding a short sword and wearing a scale mail (chance to defeat MR: 79%)
Okay, then.
You closely miss the orc. The orc misses you.
The orc hits you with a short sword.
The orc wizard moves out of view.
You hit the orc. You bite the orc, but do no damage.
The orc is lightly wounded.
The orc hits you with a falchion. The orc hits you with a short sword.
You hit the orc.
The orc is lightly wounded.
The orc barely misses you.
You hit the orc.
The orc is severely wounded.
The orc hits you with a short sword.
You closely miss the orc.
The orc is severely wounded.
The orc hits you with a falchion!
* * * LOW HITPOINT WARNING * * *
The orc hits you with a short sword.
You die...

......................# #......
......................# #.#####
........###...........# #.#
........# ############# #.#
........# #.##### #######.##
##########......
#######..#########.......########
................oo.......'.......
########........@#.......########
##........##'###### ###
#........##.############# ..#
#........#......%..#..... ..#
##.......#..######.#.###. ).#
####.......#.......#.#.#<.. ..#
#........###...###.#.#.##.. ..#
#........# #...###.#.#.##.. ..#
#........# #.......#.#..#..


You could see 2 orcs.

Vanquished Creatures
  2 adders (D:3)
  An ooze (D:1)
  2 giant geckos
  An orc (D:3)
  2 ball pythons
  A giant cockroach (D:1)
  9 goblins
  8 hobgoblins
  A quokka (D:2)
  16 bats
  A giant newt (D:1)
  7 kobolds
  7 rats
58 creatures vanquished.

Notes
Turn   | Place    | Note
--------------------------------------------------------------
     0 | D:1      | Psiweapon the Vampire Enchanter began the quest for the Orb.
     0 | D:1      | Reached XP level 1. HP: 13/13 MP: 3/3
    98 | D:1      | Reached skill level 5 in Stealth
   173 | D:1      | Reached XP level 2. HP: 19/19 MP: 5/5
   284 | D:1      | Learned a level 2 spell: Ensorcelled Hibernation
   499 | D:1      | Reached skill level 6 in Stealth
   883 | D:2      | Reached XP level 3. HP: 24/24 MP: 6/6
  1578 | D:3      | Learned a level 3 spell: Dazzling Spray
  1643 | D:3      | Reached XP level 4. HP: 30/30 MP: 7/7
  2343 | D:3      | Slain by an orc

Vault maps used:
D:1:      scummos_arrival_simple_fountains

Action                   |  1- 3 |  4- 6 || total
-------------------------+-------+-------++-------
Melee: Dagger            |   136 |    35 ||   171
 Cast: Ensorcelled Hiber |    10 |     2 ||    12
  Use: Potion            |     1 |       ||     1
 Stab: Sleeping          |    22 |     5 ||    27
  Eat: Corpse            |    14 |     1 ||    15
